 Dungeon Crawl Stone Soup version 0.25-a0-700-g7f8a7979f0 (webtiles) character file.

Game seed: 9044917023446823375, levelgen mode: deterministic

36 kae the Ruffian (level 3, -1/28 HPs)
             Began as a Draconian Transmuter on Apr 2, 2020.
             Slain by a worm (9 damage)
             ... on level 2 of the Dungeon.
             The game lasted 00:00:47 (1114 turns).

kae the Ruffian (Draconian Transmuter)              Turns: 1114, Time: 00:00:48

Health: -1/28      AC:  4    Str: 12    XL:     3   Next: 19%
Magic:  2/6        EV: 12    Int: 14    God:
Gold:   0          SH:  0    Dex: 11    Spells: 0/6 levels left

rFire    . . .     SeeInvis .     - Unarmed
rCold    . . .     Gourm    .   (no shield)
rNeg     . . .     Faith    .   (armour unavailable)
rPois    .         Spirit   .   (helmet restricted)
rElec    .         Reflect  .   (no cloak)
rCorr    .         Harm     .   h - -2 pair of gloves (curse)
MR       .....                  (no boots)
Stlth    +.........             (no amulet)
HPRegen  0.09/turn              (no ring)
MPRegen  0.10/turn              (no ring)

@: no status effects
A: unfitting armour, cold-blooded, AC +5
a: no special abilities


You were on level 2 of the Dungeon.
You were not hungry.

You visited 1 branch of the dungeon, and saw 2 of its levels.

Inventory:

Missiles
 a - 52 arrows
Armour
 h - a cursed -2 pair of gloves (worn)
Scrolls
 b - 2 scrolls of identify {unknown}
Potions
 d - a potion of flight {unknown}
 e - a potion of berserk rage {unknown}
 f - a potion of magic {unknown}
Comestibles
 c - 2 rations


   Skills:
 - Level 1.1 Fighting
 - Level 1.7 Dodging
 * Level 3.7 Unarmed Combat
 + Level 2.4 Spellcasting
 + Level 2.4 Transmutations


You couldn't memorise any spells.
You knew the following spells:

 Your Spells              Type           Power        Failure   Level  Hunger
a - Beastly Appendage     Tmut           #.....       9%          1    #......
b - Sticks to Snakes      Tmut           #.......     13%         2    ###....
c - Spider Form           Tmut/Pois      #.........   38%         3    ###....

Your spell library contained the following spells:

 Spells                   Type           Power        Failure   Level  Hunger
 Ice Form                 Ice/Tmut       #.......     80%         4    #####..
 Blade Hands              Tmut           #.........   93%         5    ######.


Dungeon Overview and Level Annotations

Branches:
Dungeon (2/15)

Altars:


Innate Abilities, Weirdness & Mutations

Your plain brown scales are hard. (AC +5)
You cannot fit into any form of body armour.
You are cold-blooded and may be slowed by cold attacks.


Message History

Your ball python barely misses the bat.
Your ball python misses the bat.
You punch the worm!
The worm is almost dead.
The bat hits you but does no damage. The bat hits your ball python.
The worm bites you!
* * * LOW HITPOINT WARNING * * *
The frilled lizard misses your ball python.
You hit the worm.
The worm is almost dead.
The bat hits your ball python. x2; Your ball python bites the bat.
Your ball python misses the bat.
The frilled lizard bites your ball python.
Your ball python dies!
The worm bites you but does no damage. The bat closely misses you.
Casting: Sticks to Snakes (safe; 13% risk of failure)
Confirm with . or Enter, or press ? or * to list all spells.
You create a snake!
You now have 52 arrows.
The bat misses you. The bat hits you but does no damage. The worm bites you!
You die...

######... . ........ ..
#...... #. #..... ##.##..<.
#....... #.!....###
#......lb#### #......lw@S.###
#......###....# ########
##...# ####### ###.## ......#
#######..####.#. ......#
######...............
......###......######.....###
..........###### #......#
<.....##### #....#.#


You could see a worm, a leopard gecko, a bat, a frilled lizard and a friendly
ball python.

Vanquished Creatures
  4 giant cockroaches (D:1)
  4 goblins (D:1)
  4 hobgoblins (D:1)
  4 jackals (D:1)
  6 bats
  A frilled lizard (D:1)
  2 kobolds (D:1)
  7 rats
32 creatures vanquished.

Notes
Turn   | Place    | Note
-------+----------+-------------------------------------------
     0 | D:1      | kae the Draconian Transmuter began the quest for the Orb.
     0 | D:1      | Reached XP level 1. HP: 16/16 MP: 3/3
   121 | D:1      | Reached XP level 2. HP: 18/23 MP: 5/5
   769 | D:1      | Reached XP level 3. HP: 28/28 MP: 4/6
   981 | D:1      | Learned a level 2 spell: Sticks to Snakes
   985 | D:1      | Learned a level 3 spell: Spider Form
  1114 | D:2      | Slain by a worm

Levels and vault maps discovered:
D:1:      minmay_arrival_floating_metal, layout_basic
D:2:      layout_rooms, minmay_misc_feat_tower,
          grunt_dithmenos_smoke_and_mirrors, uniq_natasha

Action                   || total
-------------------------++-------
Melee: Unarmed           ||    98
       Kick              ||     9
       Tailslap          ||     3
 Cast: Beastly Appendage ||    13
       Sticks to Snakes  ||     2
  Eat: Chunk             ||     1
Armor: Skin              ||    46
Dodge: Dodged            ||    89

Table legend:
 A = Non-vault XP
 B = Vault XP
 C = Vault XP percentage of total XP
 D = Non-vault monster count
 E = Vault monster count
 F = Vault count percentage of total count
                 A         B        C        D         E       F
            +---------+---------+-------+---------+---------+-------
      Total |      52 |       0 |   0.0 |      32 |       0 |   0.0
            +---------+---------+-------+---------+---------+-------
        D:1 |      47 |       0 |   0.0 |      29 |       0 |   0.0
        D:2 |       5 |       0 |   0.0 |       3 |       0 |   0.0
            +---------+---------+-------+---------+---------+-------
